 Dungeon Crawl Stone Soup version 0.29.0-4-gdea44cf6ec (webtiles) character file.

Game seed: 7616731535921483499

14 qw the Chopper (level 2, -2/17 HPs)
             Began as a Tengu Warper on Aug 28, 2022.
             Succumbed to their own poison gas
             ... on level 1 of the Dungeon.
             The game lasted 00:00:03 (1190 turns).

qw the Chopper (Tengu Warper)                       Turns: 1190, Time: 00:00:04

Health: -2/17      AC:  5    Str: 11    XL:     2   Next: 45%
Magic:  6/6        EV: 10    Int: 13    God:
Gold:   6          SH:  0    Dex: 13    Spells: 5/5 levels left

rFire   . . .      SeeInvis .   Y - +0 hand axe
rCold   . . .      Faith    .   (no shield)
rNeg    . . .      Spirit   .   e - +0 ring mail
rPois   .          Reflect  .   (helmet restricted)
rElec   .          Harm     .   (no cloak)
rCorr   .          Rampage  .   (no gloves)
Will    .....                   (boots unavailable)
Stlth   +.........              (no amulet)
HPRegen 0.05/turn               (no ring)
MPRegen 0.10/turn               (no ring)

@: lethally poisoned (-2 -> -14)
A: beak, talons 3
a: no special abilities


You were on level 1 of the Dungeon.
You visited 1 branch of the dungeon, and saw 1 of its levels.

You collected 6 gold pieces.


Innate Abilities, Weirdness & Mutations

You have a beak for a mouth.
You have claws for feet.


   Skills:
 - Level 2.0 Fighting
 + Level 3.3 Axes
 - Level 1.0 Throwing
 - Level 1.1 Armour
 - Level 2.1 Dodging
 - Level 2.0 Spellcasting
 - Level 2.4 Translocations


You had 5 spell levels left.
You didn't know any spells.
Your spell library contained the following spells:

 Spells                   Type           Power      Damage    Failure   Level
 Blink                    Tloc           14%        N/A       34%         2
 Gell's Gravitas          Tloc           7%         N/A       56%         3
 Lesser Beckoning         Tloc           7%         N/A       56%         3
 Teleport Other           Tloc           7%         N/A       56%         3
 Manifold Assault         Tloc           7%         N/A       99%         5

Inventory:

Hand Weapons
 f - a +0 mace
 Y - a +0 hand axe (weapon)
Armour
 e - a +0 ring mail (worn)

Dungeon Overview and Level Annotations

Branches:
Dungeon (1/15)

Altars:

Shops:
D:1 =


Message History

You start putting on your armour.
You continue putting on your +0 ring mail. x5
You finish putting on your +0 ring mail.
1182 ||| DROPPING +0 leather armour.
You drop a +0 leather armour.
Done exploring.
1183 ||| READING scroll labelled IRIARAO NUVVUNI.
As you read the scroll labelled IRIARAO NUVVUNI, it crumbles to dust.
It is a scroll of identify.
Really abort (and waste the scroll)?
Done exploring.
1184 ||| READING scroll labelled MAPTUIHIYS.
As you read the scroll labelled MAPTUIHIYS, it crumbles to dust.
You assume a fearsome visage.
Nothing appears to happen.
It was a scroll of fear.
Done exploring.
1185 ||| READING scroll labelled TIEVEYFRUJO.
The air fills with toxic fumes!
As you read the scroll labelled TIEVEYFRUJO, it crumbles to dust.
It was a scroll of poison.
Done exploring.
1186 ||| DROPPING scroll of blinking.
You drop a scroll of blinking.
Done exploring.
(D) Dungeon
Where to? (* - list waypoints, ? - help)
What level of the Dungeon? (default 1, ? - help) Sorry, I don't know how to get there.
Done exploring.
1187 ||| Stepping randomly (stuck).
Really walk into that cloud of poison gas?
You are engulfed in poison gas.
You are lethally poisoned!
You feel very sick.
1188 ||| Stepping ~*~*~tactically~*~*~ (cloud).
You feel very sick.
Things that are here:
a scroll of blinking; a +0 leather armour
There is a lethal amount of poison in your body!
You feel very sick.
There is a lethal amount of poison in your body!
You die...

########.#.....#.#.#.#
########.#.###.#¤#.#.#
.........#.# #.#¤#.#.#
##########.# #.#¤#.#.#
...........# #.#¤#.#.##########
#########..# #.#¤#.#..........#
...........# #.#¤#.##########.##
########...# #.#¤#.............#
...........###.#@############.##
#########..#...¤¤¤............#
...........#####¤##..########.#
.########.#....¤¤¤.......# #.#
..........#.####¤##......# #.#
####.######....¤¤¤.....#.####.#
#.# #.####¤¤............# ###
#.# ####..###.###### ### ####
###


There were no monsters in sight!

Vanquished Creatures
  A bat (D:1)
  2 endoplasms (D:1)
  A giant cockroach (D:1)
  3 goblins (D:1)
  A hobgoblin (D:1)
  2 kobolds (D:1)
  2 rats (D:1)
12 creatures vanquished.

Notes
Turn   | Place    | Note
-------+----------+-------------------------------------------
     0 | D:1      | qw the Tengu Warper began the quest for the Orb.
     0 | D:1      | Reached XP level 1. HP: 12/12 MP: 4/4
     0 | D:1      | 0 ||| qw: Version: 0.1-a-89-g26bdef1
     0 | D:1      | 0 ||| qw: Game counter: 2799
     0 | D:1      | 0 ||| qw: Always use a shield: true
     0 | D:1      | 0 ||| qw: God list: Okawaru
     0 | D:1      | 0 ||| qw: Allow faded altars: false
     0 | D:1      | 0 ||| qw: Do Orc after D:15 true
     0 | D:1      | 0 ||| qw: Do second Lair branch before Depths: true
     0 | D:1      | 0 ||| qw: Lair rune preference: random
     0 | D:1      | 0 ||| qw: Plans: Normal
     0 | D:1      | 0 ||| PLANNING D:1-11
    55 | D:1      | Found Areump's Jewellery Emporium.
    59 | D:1      | 59 ||| SHOPLISTING +4 ring of slaying (1092 gold, have 0).
    59 | D:1      | 59 ||| SHOPLISTING amulet "Haoweuwn" {Faith rPois rF++
                  | Dex-5 Stlth+} (854 gold, have 0).
    59 | D:1      | 59 ||| SHOPLISTING amulet of reflection (420 gold, have 0).
    59 | D:1      | 59 ||| SHOPLISTING amulet of the acrobat (420 gold, have
                  | 0).
    59 | D:1      | 59 ||| SHOPLISTING ring of protection from cold (350 gold,
                  | have 0).
    59 | D:1      | 59 ||| SHOPLISTING ring of see invisible (210 gold, have
                  | 0).
   284 | D:1      | 284 ||| Stepping ~*~*~tactically~*~*~ (stealth).
   301 | D:1      | Reached skill level 3 in Axes
   301 | D:1      | Reached XP level 2. HP: 11/17 MP: 6/6
  1172 | D:1      | 1172 ||| UPGRADING to +0 ring mail.
  1182 | D:1      | 1182 ||| DROPPING +0 leather armour.
  1183 | D:1      | 1183 ||| READING scroll labelled IRIARAO NUVVUNI.
  1184 | D:1      | 1184 ||| READING scroll labelled MAPTUIHIYS.
  1185 | D:1      | 1185 ||| READING scroll labelled TIEVEYFRUJO.
  1186 | D:1      | 1186 ||| DROPPING scroll of blinking.
  1187 | D:1      | 1187 ||| Stepping randomly (stuck).
  1188 | D:1      | 1188 ||| Stepping ~*~*~tactically~*~*~ (cloud).
  1188 | D:1      | HP: 4/17 [poisoned by you (poison gas)]
  1189 | D:1      | HP: 1/17 [poisoned by you (poison gas)]
  1190 | D:1      | Succumbed to their own poison gas

Levels and vault maps discovered:
D:1:      dpeg_arrival_tiny_k, layout_basic, serial_shops, shop

Skill      XL: |  1 |
---------------+----+-----
Axes           | 3 |  3.3
Fighting       | |  2.0
Throwing       | |  1.0
Armour         | |  1.1
Dodging        | |  2.1
Spellcasting   | |  2.0
Translocations | |  2.4

Action                   || total
-------------------------++-------
Melee: Hand axe          ||    26
       Peck              ||     3
       Kick              ||     9
Throw: Boomerang         ||     7
  Use: Scroll            ||     3
Armor: Leather armour    ||     7
Dodge: Dodged            ||     8

Table legend:
 A = Non-vault XP
 B = Vault XP
 C = Vault XP percentage of total XP
 D = Non-vault monster count
 E = Vault monster count
 F = Vault count percentage of total count
                 A         B        C        D         E       F
            +---------+---------+-------+---------+---------+-------
      Total |      21 |       0 |   0.0 |      12 |       0 |   0.0
            +---------+---------+-------+---------+---------+-------
        D:1 |      21 |       0 |   0.0 |      12 |       0 |   0.0
            +---------+---------+-------+---------+---------+-------
